 Dungeon Sprint DCSS version 0.19.1 (webtiles) character file.

6753 equalderp2856 the Eviscerator (level 10, -3/49 HPs)
             Began as a Felid Fighter on Dec 3, 2016.
             Was a High Priest of Lugonu.
             Slain by Aizul (11 damage)
             ... in the Dungeon (Sprint IX: "|||||||||||||||||||||||||||||").
             The game lasted 00:15:38 (5402 turns).

equalderp2856 the Eviscerator (Felid Fighter)       Turns: 5402, Time: 00:15:38

Health: -3/49      AC:  2    Str: 13    XL:     10   Next: 75%
Magic:  8/20       EV: 35    Int: 11    God:    Lugonu [*****.]
Gold:   1064       SH:  0    Dex: 20    Spells: 7 memorised, 0 levels left
                                        Lives:  0   Deaths: 3

rFire  . . .     SeeInvis +       - Unarmed
rCold  . . .     Gourm    .     (armour unavailable)
rNeg   . . .     Faith    .     (shield unavailable)
rPois  .         Spirit   .     (helmet unavailable)
rElec  .         Reflect  .     (cloak unavailable)
rCorr  .         Harm     .     (gloves unavailable)
MR     +....     NoTele   +     (boots unavailable)
Stlth  +++++.....               (no amulet)
                                n - +3 ring of dexterity
                                m - +2 ring of evasion

@: very slightly contaminated, quick
A: no armour, no weapons or thrown items, stealth, claws 1, fangs 3, see
invisible, carnivore 3, speed 1, shaggy fur 2, slow metabolism 1, sharp paws
a: Bend Space, Banish, Corrupt, Renounce Religion


You were in the Dungeon.
You worshipped Lugonu.
Lugonu was extremely pleased with you.
You were not hungry.

You visited 1 branch You collected 1909 gold pieces.
You spent 845 gold pieces at shops.

Inventory:

Jewellery
 m - a +2 ring of evasion (left paw)
 n - a +3 ring of dexterity (right paw)
 t - an uncursed ring of wizardry
 u - a +5 ring of dexterity
 v - an uncursed ring of protection from fire
 w - an uncursed ring of protection from cold
Wands
 l - a wand of acid (3/15)
Scrolls
 h - 5 scrolls of blinking
 j - 4 scrolls of remove curse
 k - 2 scrolls of amnesia
 x - 3 scrolls of identify
Potions
 a - a potion of might
 c - 3 potions of curing
 d - a potion of invisibility
 e - 4 potions of haste
 f - 3 potions of magic
 g - 2 potions of berserk rage
 i - 9 potions of heal wounds
 o - a potion of cure mutation
 p - a potion of brilliance
Books
 q - a book of Cantrips

   Spells                             Type                      Level
   a - Confusing Touch                Hexes                        1
   b - Animate Skeleton               Necromancy                   1
   c - Summon Small Mammal            Summoning                    1
   d - Apportation                    Translocation                1
 r - a book of Minor Magic

   Spells                             Type                      Level
   a - Magic Dart                     Conjuration                  1
   b - Blink                          Translocation                2
   c - Call Imp                       Summoning                    2
   d - Repel Missiles                 Charms/Air                   2
   e - Slow                           Hexes                        2
   f - Conjure Flame                  Conjuration/Fire             3
   g - Mephitic Cloud                 Conjuration/Poison/Air       3
 s - a book of Maledictions

   Spells                             Type                      Level
   a - Corona                         Hexes                        1
   b - Ensorcelled Hibernation        Hexes/Ice                    2
   c - Confuse                        Hexes                        3
   d - Tukima's Dance                 Hexes                        3
   e - Dazzling Spray                 Conjuration/Hexes            3
Comestibles
 b - 12 meat rations


   Skills:
 + Level 9.1 Fighting
 + Level 15.7 Dodging
 + Level 10.4 Stealth
 + Level 23.1 Unarmed Combat
 * Level 12.5 Invocations
 + Level 3.2 Evocations


You couldn't memorise any spells.
You knew the following spells:

 Your Spells              Type           Power        Failure   Level  Hunger
a - Animate Skeleton      Necr           N/A          34%         1    ##.....
b - Blink                 Tloc           N/A          56%         2    ###....
c - Confusing Touch       Hex            #.....       34%         1    ##.....
d - Repel Missiles        Chrm/Air       #.....       56%         2    ###....
e - Ensorcelled Hibernat  Hex/Ice        #.....       56%         2    ###....
f - Corona                Hex            #......      34%         1    ##.....
g - Summon Small Mammal   Summ           #...         34%         1    ##.....


Dungeon Overview and Level Annotations

Branches:
Dungeon (1/1)

Altars:
Cheibriados
Dithmenos
Elyvilon
Fedhas
Gozag
Hepliaklqana
Kikubaaqudgha
Makhleb
Nemelex Xobeh
Okawaru
Qazlal
Ru
Sif Muna
Trog
Uskayaw
Vehumet
Xom
Yredelemnul
Zin
The Shining One
Beogh
Jiyva
Lugonu

Shops:
D }}}:

Annotations:
D Aizul, Donald


Innate Abilities, Weirdness & Mutations

You cannot wear armour.
You are incapable of wielding weapons or throwing items.
Your paws allow you to move quietly. (Stealth)
You have sharp claws.
You have razor-sharp teeth.
You have supernaturally acute eyesight. (SInv)
You are carnivorous and can eat meat at any time.
You cover ground quickly.
You are covered in thick fur. (AC +2)
You have a slow metabolism.
Your sharp claws are effective at attacking unaware monsters.


Message History

Magic courses through your body. Aizul misses you.
Aizul coils herself and waves her upper body at you.
The bolt of poison misses you.
Press: ? - help, Shift-Dir - straight line, f/p - Aizul
Aim: Aizul (chance to defeat MR: 13%) Aizul resists with almost no effort.
You feel somewhat more hungry. Aizul misses you.
Press: ? - help, Shift-Dir - straight line, f/p - Aizul
Aim: Aizul (chance to defeat MR: 13%) Aizul resists with almost no effort.
You feel somewhat more hungry.
Aizul hums a lullaby.
Aizul hits you!
* * * LOW HITPOINT WARNING * * *
Aizul hits you.
* * * LOW HITPOINT WARNING * * *
Press: ? - help, Shift-Dir - straight line, f/p - Aizul
Aim: Aizul (chance to defeat MR: 13%) Aizul resists with almost no effort.
You feel quite a bit more hungry. Aizul hits you!
You die...

▓_▓.▓.▓.▓.▓.▓.▓.▓
▓_▓÷▓.▓.▓.▓.▓.▓@▓
▓_▓.▓.▓.▓.▓.▓[▓.▓
▓_▓.▓.▓.▓.▓.▓.▓.▓
▓_▓.▓.▓.▓.▓(▓.▓.▓
▓_▓.▓.▓.▓.▓.▓.▓.▓
▓_▓.▓.▓)▓.▓.▓.▓†▓
▓_▓.▓.▓.▓.▓.▓.▓S▓
▓.▓.▓.▓.▓'▓.▓?▓@▓
▓'▓.▓'▓.▓)▓.▓.▓.▓
▓.▓.▓.▓.▓)▓.▓'▓.▓
▓.▓.▓.▓.▓)▓.▓)▓.▓
▓|▓.▓.▓.▓)▓.▓.▓.▓
▓)▓.▓.▓.▓)▓.▓.▓.▓
▓[▓.▓.▓.▓∩▓.▓)▓.▓
▓[▓.▓.▓.▓.▓.▓.▓.▓
▓[▓.▓.▓.▓∩▓.▓.▓.▓


You could see Aizul and Donald (wandering).

Vanquished Creatures
  Gastronok (D)
  3 great orbs of eyes (D)
  A rakshasa (D)
  A death yak (D)
  An ogre mage (D)
  A tengu warrior (D)
  An orc high priest (D)
  A glowing orange brain (D)
  2 orc knights (D)
  10 orc sorcerers (D)
  2 spiny frogs (D)
  A rime drake (D)
  A komodo dragon (D)
  6 polar bears (D)
  A troll (D)
  A hornet (D)
  3 hippogriffs (D)
  A blink frog (D)
  A shadow (D)
  A yak (D)
  A wyvern (D)
  A vampire mosquito (D)
  A mottled dragon (D)
  2 water moccasins (D)
  A sky beast (D)
  5 porcupines (D)
  8 orc warriors (D)
  An ice beast (D)
  2 black bears (D)
  An eye of draining (D)
  A phantom (D)
  5 bullfrogs (D)
  A wight (D)
  A howler monkey (D)
  A crimson imp (D)
  2 orc priests (D)
  7 orc wizards (D)
  2 worker ants (D)
  A shadow imp (D)
  A leopard gecko (D)
  8 orcs (D)
  A bat (D)
  A bat skeleton (D)
  A giant cockroach (D)
  A goblin (D)
  A hobgoblin (D)
  A quokka (D)
99 creatures vanquished.

Vanquished Creatures (others)
  A hill giant (D)
  A deep elf mage (D)
  An orc warrior (D)
3 creatures vanquished.

Grand Total: 102 creatures vanquished

Notes
Turn   | Place    | Note
-------+----------+-------------------------------------------
     0 | D        | equalderp2856 the Felid Fighter began the quest for the Orb.
     0 | D        | Reached XP level 1. HP: 10/10 MP: 2/2
    20 | D        | Reached skill level 1 in Stealth
   170 | D        | Noticed a howler monkey
   170 | D        | Noticed a worker ant
   170 | D        | Noticed an ice beast
   170 | D        | Noticed a crimson imp
   174 | D        | Killed a howler monkey
   174 | D        | Reached skill level 5 in Dodging
   174 | D        | Reached skill level 6 in Unarmed Combat
   174 | D        | Reached XP level 2. HP: 15/15 MP: 3/3
   174 | D        | Reached XP level 3. HP: 18/18 MP: 4/4
   178 | D        | Reached skill level 7 in Unarmed Combat
   178 | D        | Reached XP level 4. HP: 22/22 MP: 5/5
   183 | D        | HP: 1/22 [ice beast (7)]
   189 | D        | Killed an ice beast
   189 | D        | Reached skill level 5 in Fighting
   189 | D        | Reached skill level 9 in Unarmed Combat
   189 | D        | Reached XP level 5. HP: 26/26 MP: 6/6
   209 | D        | Found a roughly hewn altar of Beogh.
   209 | D        | Found a snail-covered altar of Cheibriados.
   209 | D        | Found a shadowy altar of Dithmenos.
   209 | D        | Found a white marble altar of Elyvilon.
   209 | D        | Found a blossoming altar of Fedhas.
   209 | D        | Found an opulent altar of Gozag.
   210 | D        | Found a hazy altar of Hepliaklqana.
   211 | D        | Found a viscous altar of Jiyva.
   212 | D        | Found an ancient bone altar of Kikubaaqudgha.
   213 | D        | Found a corrupted altar of Lugonu.
   214 | D        | Found a burning altar of Makhleb.
   215 | D        | Found a sparkling altar of Nemelex Xobeh.
   216 | D        | Found an iron altar of Okawaru.
   217 | D        | Found a stormy altar of Qazlal.
   218 | D        | Found a sacrificial altar of Ru.
   219 | D        | Found a deep blue altar of Sif Muna.
   220 | D        | Found a bloodstained altar of Trog.
   221 | D        | Found a hide-covered altar of Uskayaw.
   222 | D        | Found a radiant altar of Vehumet.
   227 | D        | Became a worshipper of Lugonu the Unformed
   227 | D        | Reached * piety under Lugonu
   230 | D        | Found a shimmering altar of Xom.
   231 | D        | Found a basalt altar of Yredelemnul.
   232 | D        | Found a glowing silver altar of Zin.
   233 | D        | Found a glowing golden altar of the Shining One.
   260 | D        | Noticed a troll
   260 | D        | Noticed a hippogriff
   260 | D        | Noticed a phantom
   260 | D        | Noticed a water moccasin
   264 | D        | Reached skill level 10 in Unarmed Combat
   320 | D        | Killed a hippogriff
   320 | D        | Reached ** piety under Lugonu
   320 | D        | Reached skill level 11 in Unarmed Combat
   320 | D        | Gained mutation: You are covered in thick fur. (AC +2) [Felid growth]
   320 | D        | Reached XP level 6. HP: 14/31 MP: 7/7
   320 | D        | Slain by a troll
   321 | D        | Reached XP level 5. HP: 0/27 MP: 6/6
   384 | D        | Noticed a sky beast
   384 | D        | Noticed a wyvern
   384 | D        | Noticed an eye of draining
   384 | D        | Noticed a hippogriff
   384 | D        | Noticed a vampire mosquito
   392 | D        | Killed a vampire mosquito
   392 | D        | Reached skill level 12 in Unarmed Combat
   392 | D        | Reached XP level 6. HP: 31/31 MP: 7/7
   396 | D        | Killed a hippogriff
   396 | D        | Reached skill level 10 in Dodging
   396 | D        | Reached skill level 13 in Unarmed Combat
   396 | D        | Reached skill level 1 in Evocations
   396 | D        | Reached XP level 7. HP: 26/35 MP: 2/8
   402 | D        | Reached skill level 5 in Stealth
   407 | D        | Killed a wyvern
   407 | D        | Reached *** piety under Lugonu
   410 | D        | Reached skill level 14 in Unarmed Combat
   549 | D        | Reached **** piety under Lugonu
   549 | D        | Reached XP level 8. HP: 40/40 MP: 10/10
   575 | D        | Killed a troll
   918 | D        | Noticed a spiny frog
   918 | D        | Noticed a blink frog
   928 | D        | Killed a spiny frog
   928 | D        | Reached skill level 15 in Unarmed Combat
   934 | D        | Noticed a hippogriff
   938 | D        | Reached ***** piety under Lugonu
   945 | D        | Reached skill level 16 in Unarmed Combat
   948 | D        | Reached XP level 9. HP: 22/43 MP: 11/11
  1200 | D        | Noticed a komodo dragon
  1200 | D        | Noticed a rime drake
  1200 | D        | Noticed a spiny frog
  1201 | D        | Reached skill level 17 in Unarmed Combat
  1202 | D        | Noticed a death yak
  1673 | D        | Killed a komodo dragon
  1804 | D        | Killed a rime drake
  1804 | D        | Reached ****** piety under Lugonu
  1979 | D        | Killed a death yak
  1979 | D        | Reached skill level 18 in Unarmed Combat
  1979 | D        | Reached XP level 10. HP: 48/48 MP: 13/13
  1982 | D        | Killed a spiny frog
  2257 | D        | Reached skill level 19 in Unarmed Combat
  2731 | D        | Noticed an orc knight
  2731 | D        | Noticed an orc high priest
  2733 | D        | Noticed an orc sorcerer
  2747 | D        | Noticed a sixfirhy
  2943 | D        | Killed an orc knight
  2943 | D        | Reached skill level 20 in Unarmed Combat
  2943 | D        | Reached skill level 1 in Invocations
  2996 | D        | Noticed a sun demon
  2997 | D        | Killed an orc high priest
  3074 | D        | Killed an orc sorcerer
  3196 | D        | Reached XP level 11. HP: 40/51 MP: 14/14
  3268 | D        | Noticed an orc sorcerer
  3280 | D        | Killed an orc sorcerer
  3283 | D        | Noticed an orc knight
  3293 | D        | Killed an orc knight
  3488 | D        | Found Quofunill's Gadget Emporium.
  3488 | D        | Noticed an orc sorcerer
  3489 | D        | Noticed an orc sorcerer
  3495 | D        | Found Jeodar's Gadget Shoppe.
  3495 | D        | Noticed an orc sorcerer
  3496 | D        | Noticed an orc sorcerer
  3498 | D        | Killed an orc sorcerer
  3498 | D        | Reached skill level 21 in Unarmed Combat
  3501 | D        | Killed an orc sorcerer
  3501 | D        | Reached skill level 5 in Invocations
  3502 | D        | Found Ziqenujets's Gadget Emporium.
  3512 | D        | Killed an orc sorcerer
  3515 | D        | Killed an orc sorcerer
  3516 | D        | Found Pynt's Book Shoppe.
  3519 | D        | Noticed an orc sorcerer
  3520 | D        | Noticed an orc sorcerer
  3521 | D        | Noticed an orc sorcerer
  3522 | D        | Noticed an orc sorcerer
  3537 | D        | Killed an orc sorcerer
  3537 | D        | Reached skill level 15 in Dodging
  3815 | D        | Killed an orc sorcerer
  3860 | D        | Killed an orc sorcerer
  3880 | D        | Killed an orc sorcerer
  4051 | D        | Bought a book of Cantrips for 260 gold pieces
  4051 | D        | Bought a book of Minor Magic for 260 gold pieces
  4051 | D        | Bought a book of Maledictions for 325 gold pieces
  4055 | D        | Learned a level 1 spell: Animate Skeleton
  4058 | D        | Learned a level 2 spell: Blink
  4060 | D        | Learned a level 1 spell: Confusing Touch
  4063 | D        | Learned a level 2 spell: Repel Missiles
  4066 | D        | Learned a level 2 spell: Ensorcelled Hibernation
  4068 | D        | Learned a level 1 spell: Corona
  4094 | D        | Noticed Gastronok
  4102 | D        | Killed Gastronok
  4102 | D        | Reached skill level 22 in Unarmed Combat
  4114 | D        | Noticed Sonja
  4126 | D        | Banished Sonja
  4145 | D        | Noticed Harold
  4149 | D        | Banished Harold
  4149 | D        | Reached skill level 10 in Stealth
  4268 | D        | Noticed a deep elf mage
  4268 | D        | Noticed a hill giant
  4271 | D        | Banished a deep elf mage
  4283 | D        | Banished a hill giant
  4287 | D        | Noticed a rakshasa
  4287 | D        | Noticed a great orb of eyes
  4299 | D        | Killed from afar by a rakshasa
  4300 | D        | Reached XP level 10. HP: -16/49 MP: 4/17
  4571 | D        | Killed a rakshasa
  4571 | D        | Reached XP level 11. HP: 29/52 MP: 18/18
  4753 | D        | Killed a great orb of eyes
  4843 | D        | Noticed a tengu warrior
  4844 | D        | Noticed a great orb of eyes
  4845 | D        | Noticed an ogre mage
  4846 | D        | Noticed a glowing orange brain
  4847 | D        | Noticed a great orb of eyes
  4863 | D        | Killed a tengu warrior
  4863 | D        | Reached skill level 10 in Invocations
  4873 | D        | Killed a great orb of eyes
  4878 | D        | Killed an ogre mage
  4880 | D        | Killed a glowing orange brain
  4885 | D        | Killed a great orb of eyes
  4885 | D        | Reached skill level 23 in Unarmed Combat
  4946 | D        | Learned a level 1 spell: Summon Small Mammal
  4976 | D        | Noticed Nergalle
  4980 | D        | Noticed Agnes
  5046 | D        | Banished Nergalle
  5205 | D        | Banished Agnes
  5244 | D        | Noticed Aizul
  5245 | D        | Noticed Donald
  5264 | D        | Killed from afar by Aizul
  5265 | D        | Reached XP level 10. HP: -1/49 MP: 20/20
  5402 | D        | Slain by Aizul

Skill      XL: |  1  2  3  4  5  6  7  8  9 10 11 |
---------------+----------------------------------+-----
Stealth        | 1 2 3 4 5 6 8 10 | 10.4
Fighting       | 4 5 6 7 8 9 |  9.1
Dodging        | 5 6 7 9 10 11 12 13 14 15 | 15.7
Unarmed Combat | 6 7 9 12 13 14 16 18 20 23 | 23.1
Evocations     | 1 2 3 |  3.2
Invocations    | 9 12 | 12.5

Action                   |  1- 3 |  4- 6 |  7- 9 | 10-12 || total
-------------------------+-------+-------+-------+-------++-------
Melee: Unarmed           |    21 |    28 |   104 |   267 ||   420
       Bite              |     3 |     4 |    12 |    38 ||    57
       Punch             |     1 |       |     8 |    32 ||    41
Invok: Banish            |       |       |       |    20 ||    20
Evoke: Wand              |       |     3 |     1 |       ||     4
  Use: Potion            |       |     1 |     1 |     3 ||     5
       Scroll            |       |       |       |     1 ||     1
 Stab: Sleeping          |     2 |       |       |     1 ||     3
       Distracted        |       |       |       |     3 ||     3
  Eat: Chunk             |       |       |     1 |     1 ||     2
       Meat ration       |       |       |       |     1 ||     1
Armor: Skin              |       |       |     2 |     2 ||     4
Dodge: Dodged            |    19 |    27 |    75 |   159 ||   280
